 Dungeon Crawl Stone Soup version 0.21.1-1-g345015f (webtiles) character file.

134 tidbits the Sneak (level 5, 37/37 HPs)
             Began as a Gnoll Enchanter on June 20, 2018.
             Quit the game in the Ecumenical Temple.
             The game lasted 00:06:15 (752 turns).

tidbits the Sneak (Gnoll Enchanter)                  Turns: 752, Time: 00:06:15

Health: 37/37      AC:  3    Str: 13    XL:     5   Next: 17%
Magic:  12/12      EV: 15    Int: 18    God:
Gold:   37         SH:  0    Dex: 16    Spells: 2/14 levels left

rFire    . . .     SeeInvis .   a - +0 dagger (curse)
rCold    . . .     Gourm    .   (no shield)
rNeg     . . .     Faith    .   b - +0 robe
rPois    .         Spirit   .   (no helmet)
rElec    .         Reflect  .   (no cloak)
rCorr    .         Harm     .   G - +0 pair of gloves
MR       .....                  (no boots)
Stlth    +++.......             (no amulet)
HPRegen  0.12/turn              q - +3 ring of strength
MPRegen  0.13/turn              (no ring)

@: no status effects
A: distributed training, fangs 1, strong nose
a: no special abilities


You were in the Ecumenical Temple.
You were not hungry.

You visited 2 branches of the dungeon, and saw 7 of its levels.

You collected 37 gold pieces.

Inventory:

Hand Weapons
 a - a cursed +0 dagger (weapon)
 f - a cursed -1 hunting sling
 j - a +1 dagger
Missiles
 h - 20 stones (quivered)
 n - 6 tomahawks
Armour
 b - a +0 robe (worn)
 G - a +0 pair of gloves (worn)
Jewellery
 q - a +3 ring of strength (left hand)
   (You found it on level 4 of the Dungeon)
Wands
 m - a wand of digging (16)
Scrolls
 e - 2 scrolls of teleportation
 g - a scroll of immolation
 o - a scroll of noise
Potions
 i - a potion of haste {unknown}
 k - a potion of brilliance {unknown}
 l - 2 potions of might {unknown}
 p - a potion of curing
Books
 c - a book of Maledictions

   Spells                             Type                      Level
   a - Corona                         Hexes                        1
   b - Ensorcelled Hibernation        Hexes/Ice                    2
   c - Confuse                        Hexes                        3
   d - Tukima's Dance                 Hexes                        3
   e - Dazzling Spray                 Conjuration/Hexes            3
Comestibles
 d - 4 rations


   Skills:
 + Level 1.3 Fighting
 + Level 2.9 Short Blades
 + Level 1.3 Long Blades
 + Level 1.3 Axes
 + Level 1.3 Maces & Flails
 + Level 1.3 Polearms
 + Level 1.3 Staves
 + Level 1.3 Slings
 + Level 1.3 Bows
 + Level 1.3 Crossbows
 + Level 1.3 Throwing
 + Level 1.3 Armour
 + Level 4.7 Dodging
 + Level 6.1 Stealth
 + Level 1.3 Shields
 + Level 1.3 Unarmed Combat
 + Level 5.1 Spellcasting
 + Level 1.1 Conjurations
 + Level 5.5 Hexes
 + Level 1.1 Charms
 + Level 1.1 Summonings
 + Level 1.1 Necromancy
 + Level 1.1 Translocations
 + Level 1.1 Transmutations
 + Level 1.1 Fire Magic
 + Level 1.1 Ice Magic
 + Level 1.1 Air Magic
 + Level 1.1 Earth Magic
 + Level 1.1 Poison Magic
 + Level 1.5 Invocations
 + Level 1.3 Evocations


You had 2 spell levels left.
You knew the following spells:

 Your Spells              Type           Power        Failure   Level  Hunger
a - Corona                Hex            ###....      1%          1    None
c - Confuse               Hex            ###.....     4%          3    ##.....
d - Dazzling Spray        Conj/Hex       ###...       10%         3    ##.....
e - Ensorcelled Hibernat  Hex/Ice        ###...       4%          2    #......
u - Tukima's Dance        Hex            ###.....     4%          3    ##.....


Dungeon Overview and Level Annotations

Branches:
Dungeon (6/15)             Temple (1/1) D:6

Altars:
Hepliaklqana
Kikubaaqudgha
Makhleb
Okawaru
Qazlal
Ru
Sif Muna
Trog
Uskayaw
Vehumet
Wu Jian
Xom
Yredelemnul
Zin


Innate Abilities, Weirdness & Mutations

Your experience applies equally to all skills.
You have very sharp teeth.
Your uncanny sense of smell can sniff out nearby items.


Message History

You enter the shallow water.
Moving in this stuff is going to be slow.
A jackal comes into view.
Unknown command.
The jackal barks!
The jackal closely misses you.
The jackal bites you but does no damage.
A worker ant comes into view.
The jackal closely misses you.
There is an open door here.
You hear a splashing noise.
The jackal misses you. The jackal barely misses you.
You hear a splashing noise.
You hear a splashing noise.
The jackal misses you.
There is a stone staircase leading down here.
The jackal bites you but does no damage.
You climb downwards.
There is a stone staircase leading up here.
Unknown command.
Casting: Ensorcelled Hibernation
Confirm with . or Enter, or press ? or * to list all spells.
Aiming: Ensorcelled Hibernation
Press: ? - help, Shift-Dir - straight line, f - jackal
Aim: a jackal (chance to defeat MR: 64%)
The jackal looks drowsy...
The helpless jackal fails to defend itself.
You impale the jackal!!
You kill the jackal!
You see here a jackal corpse.
There is a stone staircase leading down here.
You climb downwards.
Found 5 gold pieces.
There is a stone staircase leading up here.
Unknown command.
Found a fizzy emerald potion.
You see here 5 gold pieces.
You now have 37 gold pieces (gained 5).
You see here a fizzy emerald potion.
l - 2 fizzy emerald potions (gained 1)
You open the door.
An orc comes into view. It is wielding a whip.
A leopard gecko comes into view.
There is an open door here.
The helpless leopard gecko fails to defend itself.
You impale the leopard gecko!!
You kill the leopard gecko!
Found a staircase to the Ecumenical Temple.
Unknown command.
The helpless orc fails to defend itself.
You impale the orc!!
You kill the orc!
The ooze quivers.
The ooze hits the plant but does no damage.
The ooze hits the plant but does no damage.
You can't unwield your weapon to draw a new one!
Unknown command.
The ooze hits the plant but does no damage.
The ooze hits the plant but does no damage.
Evoke which item? (* to show all) (? for menu, Esc to quit)
Aiming: Dig
Press: ? - help, Shift-Dir - straight line, f - you The rock shatters into small pieces.
The ooze hits the plant.
Casting: Ensorcelled Hibernation
Confirm with . or Enter, or press ? or * to list all spells.
Aiming: Ensorcelled Hibernation
Press: ? - help, Shift-Dir - straight line, f - ooze
Aim: an ooze (chance to defeat MR: 47%)
The ooze resists with some effort.
The ooze misses you.
Casting: Ensorcelled Hibernation
Confirm with . or Enter, or press ? or * to list all spells.
Aiming: Ensorcelled Hibernation
Press: ? - help, Shift-Dir - straight line, f/p - ooze
Aim: an ooze (chance to defeat MR: 47%)
The ooze looks drowsy...
The helpless ooze fails to defend itself.
You stick the ooze like a pincushion!!!
You kill the ooze!
There is a staircase to the Ecumenical Temple here.
You climb downwards.
Welcome to the Ecumenical Temple!
Found an iron altar of Okawaru and a deep blue altar of Sif Muna.
There is a staircase back to the Dungeon here.
Unknown command.
Found an ancient bone altar of Kikubaaqudgha.
Found a stormy altar of Qazlal.
Found a glowing silver altar of Zin.
Found a hide-covered altar of Uskayaw.
Found an ornate altar of the Wu Jian Council.
There is an ornate altar of the Wu Jian Council here.
Found a sacrificial altar of Ru.
Unknown command.
Found a burning altar of Makhleb.
Found a radiant altar of Vehumet.
Found a bloodstained altar of Trog.
Found a hazy altar of Hepliaklqana.
There is a hazy altar of Hepliaklqana here.
Found a basalt altar of Yredelemnul.
Found a shimmering altar of Xom.
Are you sure you want to abandon this character and quit the game? (Confirm with "yes".)

##############################
.............................####
.#######.#######@#######.###....#
...###.....###.....# #.....####..
_...#..._...#..._...#..._...# ###
....#.......#.......#.......# ##.
...###.....###.....###.....####..
.### ###.### ###.### ###.####....
.#######.#######.#######.###..#..
.............................####
..............................#


There were no monsters in sight!

Vanquished Creatures
  Jessica (D:2)
  Natasha (D:4)
  A worker ant (D:4)
  An adder (D:2)
  3 oozes
  2 worms
  A leopard gecko (D:6)
  An orc (D:6)
  A bat (D:2)
  A giant cockroach (D:4)
  2 goblins
  2 hobgoblins
  8 jackals
  A quokka (D:2)
  A frilled lizard (D:2)
  2 rats (D:2)
29 creatures vanquished.

Notes
Turn   | Place    | Note
-------+----------+-------------------------------------------
     0 | D:1      | tidbits the Gnoll Enchanter began the quest for the Orb.
     0 | D:1      | Reached XP level 1. HP: 13/13 MP: 6/6
   117 | D:1      | Reached XP level 2. HP: 8/20 MP: 7/7
   121 | D:1      | Learned a level 2 spell: Ensorcelled Hibernation
   132 | D:2      | Noticed Jessica
   136 | D:2      | Killed Jessica
   136 | D:2      | Reached skill level 6 in Stealth
   136 | D:2      | Reached skill level 5 in Spellcasting
   136 | D:2      | Reached XP level 3. HP: 12/25 MP: 3/9
   147 | D:2      | Learned a level 3 spell: Confuse
   151 | D:2      | Learned a level 3 spell: Dazzling Spray
   155 | D:2      | Learned a level 3 spell: Tukima's Dance
   223 | D:2      | Reached skill level 1 in Invocations
   306 | D:2      | Reached skill level 1 in Fighting
   306 | D:2      | Reached skill level 1 in Long Blades
   306 | D:2      | Reached skill level 1 in Axes
   306 | D:2      | Reached skill level 1 in Maces & Flails
   306 | D:2      | Reached skill level 1 in Polearms
   306 | D:2      | Reached skill level 1 in Staves
   306 | D:2      | Reached skill level 1 in Slings
   306 | D:2      | Reached skill level 1 in Bows
   306 | D:2      | Reached skill level 1 in Crossbows
   306 | D:2      | Reached skill level 1 in Throwing
   306 | D:2      | Reached skill level 1 in Armour
   306 | D:2      | Reached skill level 1 in Shields
   306 | D:2      | Reached skill level 1 in Unarmed Combat
   306 | D:2      | Reached skill level 1 in Evocations
   361 | D:3      | Reached XP level 4. HP: 29/32 MP: 11/11
   393 | D:4      | Noticed Natasha
   400 | D:4      | Killed Natasha
   427 | D:4      | Reached skill level 1 in Conjurations
   427 | D:4      | Reached skill level 1 in Charms
   427 | D:4      | Reached skill level 1 in Summonings
   427 | D:4      | Reached skill level 1 in Necromancy
   427 | D:4      | Reached skill level 1 in Translocations
   427 | D:4      | Reached skill level 1 in Transmutations
   427 | D:4      | Reached skill level 1 in Fire Magic
   427 | D:4      | Reached skill level 1 in Ice Magic
   427 | D:4      | Reached skill level 1 in Air Magic
   427 | D:4      | Reached skill level 1 in Earth Magic
   427 | D:4      | Reached skill level 1 in Poison Magic
   484 | D:5      | Entered Level 5 of the Dungeon
   536 | D:4      | Reached XP level 5. HP: 33/37 MP: 3/12
   593 | D:6      | Found a staircase to the Ecumenical Temple.
   612 | Temple   | Entered the Ecumenical Temple
   752 | Temple   | Quit the game

Skill      XL: |  1  2  3  4 |
---------------+-------------+-----
Stealth        | 6 |  6.1
Spellcasting   | 5 |  5.1
Invocations    | 1 |  1.5
Fighting       | 1 |  1.3
Long Blades    | 1 |  1.3
Axes           | 1 |  1.3
Maces & Flails | 1 |  1.3
Polearms       | 1 |  1.3
Staves         | 1 |  1.3
Slings         | 1 |  1.3
Bows           | 1 |  1.3
Crossbows      | 1 |  1.3
Throwing       | 1 |  1.3
Armour         | 1 |  1.3
Shields        | 1 |  1.3
Unarmed Combat | 1 |  1.3
Evocations     | 1 |  1.3
Conjurations   | 1 |  1.1
Charms         | 1 |  1.1
Summonings     | 1 |  1.1
Necromancy     | 1 |  1.1
Translocations | 1 |  1.1
Transmutations | 1 |  1.1
Fire Magic     | 1 |  1.1
Ice Magic      | 1 |  1.1
Air Magic      | 1 |  1.1
Earth Magic    | 1 |  1.1
Poison Magic   | 1 |  1.1
Short Blades   | |  2.9
Dodging        | |  4.7
Hexes          | |  5.5

Action                   |  1- 3 |  4- 6 || total
-------------------------+-------+-------++-------
Melee: Dagger            |    45 |    27 ||    72
       Bite              |     5 |     1 ||     6
 Cast: Corona            |     8 |     1 ||     9
       Ensorcelled Hiber |     4 |    10 ||    14
Evoke: Wand              |       |     1 ||     1
  Use: Scroll            |       |     4 ||     4
 Stab: Sleeping          |     9 |    11 ||    20
Armor: Robe              |     4 |     6 ||    10
Dodge: Dodged            |    42 |    20 ||    62

Table legend:
 A = Turns spent in this place as a percentage of turns spent in the entire game.
 B = Non-inter-level travel turns spent in this place as a percentage of non-inter-level travel turns spent in the entire game.
 C = Inter-level travel turns spent in this place as a percentage of turns spent in this place.
 D = Turns resting spent in this place as a percentage of non-inter-level travel turns spent in this place.
 E = Turns spent auto-exploring this place as a percentage of non-inter-level travel turns spent in this place.
 F = Non-inter-level travel turns spent in this place divided by the number of levels of this place that you've seen.
                   A       B       C       D       E      F
               +-------+-------+-------+-------+-------+----------------------
         Total | 100.0 | 100.0 |   0.0 |   0.0 |   0.0 | 107.4
       Dungeon |  81.4 |  81.4 |   0.0 |   0.0 |   0.0 | 102.0
        Temple |  18.6 |  18.6 |   0.0 |   0.0 |   0.0 | 140.0
               +-------+-------+-------+-------+-------+----------------------

Table legend:
 A = Kills in this place as a percentage of kills in entire the game.
 B = Kills by you in this place as a percentage of kills by you in the entire game.
 C = Kills by friends in this place as a percentage of kills by friends in the entire game.
 D = Other kills in this place as a percentage of other kills in the entire game.
 E = Experience gained in this place as a percentage of experience gained in the entire game.
 F = Experience gained in this place divided by the number of levels of this place that you have seen.
                   A       B       C       D       E      F
               +-------+-------+-------+-------+-------+----------------------
         Total | 100.0 | 100.0 |   N/A |   N/A | 100.0 |  27.4
       Dungeon | 100.0 | 100.0 |   N/A |   N/A | 100.0 |  32.0
               +-------+-------+-------+-------+-------+----------------------

Vault maps used:
D:1:      dpeg_arrival_boxes_within_box, minmay_tiny_reverse_x
D:2:      kb_forest_paths, nicolae_dithmenos_through_a_glass_darkly,
          minmay_misc_feat_iff, grunt_ministairs_7, uniq_jessica
D:3:      kennysheep_slug_shrine, chequers_ecumenical_altar_simple_redux,
          lightli_sewer_entry_pipes
D:4:      serial_bayou_lake_a, uniq_duvessa, uniq_natasha
D:5:      first_ration
D:6:      minmay_temple_entry_overgrown, serial_shops, shop,
          uniq_crazy_yiuf_cottage
Temple:   dpeg_chambers_temple
